cohdb
Replays
Latest Replays
All Replays
Popular Replays
Top Player Replays
Match Explorer
How It Works
Community
CoH3 Stats
Reddit
Sign in to upload your games and track your stats! →
Sign in with Steam
Match 45612195
Unlisted
Match 45612195
Overview
Messages
Build Orders
End
Selects Airborne Battlegroup
Selects Heavy Machine Gun Paradrop
Heavy Machine Gun Paradrop
Engineer Squad
Construct Barracks
Riflemen Squad
Riflemen Squad
Mortar Pit
Riflemen Squad
Construct Medical Station
Mortar Pit
Construct Weapon Support Center
Bazooka Squad
Mortar Pit
Improved M9 Bazooka Rockets
Engineer Squad
Selects Recon Loiter
Selects Supply Drop
Ra11
MatioS
Cohlonoscoper
Dirkradix
KampFTrikeR
PzDiv Viper ✠
za peinter
Marian Gold
0
0
Comments
sign in to comment!
No comments posted yet!